 Dungeon Crawl Stone Soup version 0.28.0 (webtiles) character file.

Game seed: 3790992459347582086

76 SnakkuSnakku7 the Skirmisher (level 4, -6/26 (29) HPs)
             Began as a Kobold Warper on Feb 9, 2022.
             Killed by divine providence
             ... invoked by an orc priest
              (15 damage)
             ... on level 3 of the Dungeon.
             The game lasted 00:02:19 (2567 turns).

SnakkuSnakku7 the Skirmisher (Kobold Warper)        Turns: 2567, Time: 00:02:20

HP:   -6/26 (29)    AC: 10    Str: 10    XL:     4   Next: 57%
MP:   7/7           EV:  7    Int: 14    God:
Gold: 103           SH:  0    Dex: 14    Spells: 7/7 levels left

rFire   . . .      SeeInvis .   a - +0 mace
rCold   . . .      Faith    .   (no shield)
rNeg    . . .      Spirit   .   i - +0 plate armour
rPois   .          Reflect  .   (no helmet)
rElec   .          Harm     .   (no cloak)
rCorr   .          Rampage  .   (no gloves)
Will    .....                   (no boots)
Stlth   ..........              (no amulet)
HPRegen 0.08/turn               d - +4 ring of evasion
MPRegen 0.10/turn               (no ring)

@: heavily drained
A: small, no large weapons, nightstalker 3
a: no special abilities


You were on level 3 of the Dungeon.
You visited 1 branch of the dungeon, and saw 3 of its levels.

You collected 103 gold pieces.

Inventory:

Hand Weapons
 a - a +0 mace (weapon)
Armour
 b - a +0 leather armour
 i - a +0 plate armour (worn)
Jewellery
 d - a +4 ring of evasion (left hand)
Scrolls
 c - a scroll of blinking
 e - 2 scrolls of noise {unknown}
 g - a scroll of immolation {unknown}
 j - a scroll of magic mapping {unknown}
 k - a scroll of fear {unknown}
Potions
 f - a potion of lignification {unknown}
 h - 2 potions of invisibility {unknown}


   Skills:
 + Level 3.7 Fighting
 + Level 3.1 Maces & Flails
 - Level 1.1 Throwing
 - Level 0.7 Armour
 - Level 2.4 Dodging
 - Level 2.1 Spellcasting
 - Level 3.0 Translocations


You had 7 spell levels left.
You didn't know any spells.
Your spell library contained the following spells:

 Spells                   Type           Power      Damage    Failure   Level
 Blink                    Tloc           18%        N/A       100%        2
 Gell's Gravitas          Tloc           9%         N/A       100%        3
 Lesser Beckoning         Tloc           9%         N/A       100%        3
 Teleport Other           Tloc           9%         N/A       100%        3
 Manifold Assault         Tloc           9%         N/A       100%        5


Dungeon Overview and Level Annotations

Branches:
Dungeon (3/15)

Altars:
Nemelex Xobeh
Ru


Innate Abilities, Weirdness & Mutations

You are small and have problems with some larger weapons.
You are completely attuned to the shadows.


Message History

An endoplasm comes into view.
The endoplasm quivers.
You hit the endoplasm.
You kill the endoplasm!
You start resting.
HP restored.
Found a sacrificial altar of Ru.
There is an open door here.
There is a sacrificial altar of Ru here.
As you open the door, it creaks loudly!
There is an open door here.
An orc priest is nearby!
You aren't carrying any items that you can evoke.
Unknown command.
Okay, then.
Okay, then.
There is an open door here.
The orc priest mumbles some strange prayers to Beogh against you.
Beogh smites you!
You hit the orc priest but do no damage.
The orc priest closely misses you.
The orc priest hits you with a +1 falchion of draining.
You feel drained.
You are too injured to fight recklessly!
You are too injured to fight recklessly!
You are too injured to fight recklessly!
You thump the orc priest!
The orc priest is heavily wounded.
The orc priest hits you with a +1 falchion of draining.
You feel drained.
You hit the orc priest.
The orc priest is heavily wounded.
The orc priest hits you but does no damage.
You feel drained.
You hit the orc priest.
The orc priest is almost dead.
The orc priest invokes the aid of Beogh against you.
Beogh smites you!
Ouch! That really hurt!
You die...

.#......##..#..#+##.# #
รท.....#)##..#..o...o#####
..................).'...#
........##..##......###o#
...##...#...........##.oo...
..........#######...##..o...
#..##...#.# ### #..)##......
........#.#######...##.....o
.<....#.....'_'.@.###
......#...###'###o#
.###..#...# #.# .# .#
#.##.#.# #.# .# .. ..#.. ...
.#


You could see an orc priest.

Vanquished Creatures
  An orc wizard (D:3)
  2 adders
  2 dart slugs
  3 orcs
  3 bats
  3 endoplasms
  2 giant cockroaches (D:1)
  A goblin (D:2)
  2 quokkas (D:3)
  4 ball pythons
  A frilled lizard (D:1)
  3 kobolds
  2 rats
29 creatures vanquished.

Notes
Turn   | Place    | Note
-------+----------+-------------------------------------------
     0 | D:1      | SnakkuSnakku7 the Kobold Warper began the quest for the
                  | Orb.
     0 | D:1      | Reached XP level 1. HP: 12/12 MP: 3/3
   332 | D:1      | Reached XP level 2. HP: 17/18 MP: 5/5
   720 | D:2      | Reached XP level 3. HP: 3/23 MP: 6/6
   721 | D:2      | HP: 1/23 [poisoned by an adder]
  1057 | D:2      | Found a sparkling altar of Nemelex Xobeh.
  1391 | D:2      | Found a faded altar of an unknown god.
  2151 | D:3      | Reached XP level 4. HP: 7/28 MP: 7/7
  2551 | D:3      | Found a sacrificial altar of Ru.
  2567 | D:3      | Killed from afar by an orc priest

Illustrated notes

Levels and vault maps discovered:
D:1:      heliophobic_arrival_ceremonial_halls, layout_basic, minmay_box_of_dots
D:2:      layout_loops_cross, chequers_ecumenical_altar_twisty, basic_altar,
          grunt_ministairs_4
D:3:      minmay_chambers_of_twos, layout_basic, lemuel_doored_altar,
          gammafunk_temple_overflow_elements

Skill      XL: |  1  2  3  4 |
---------------+-------------+-----
Maces & Flails | 2 3 |  3.1
Fighting       | 3 |  3.7
Throwing       | |  1.1
Armour         | |  0.7
Dodging        | |  2.4
Spellcasting   | |  2.1
Translocations | |  3.0

Action                   |  1- 3 |  4- 6 || total
-------------------------+-------+-------++-------
Melee: Mace              |   113 |    20 ||   133
       Punch             |     2 |       ||     2
Throw: Boomerang         |     5 |       ||     5
 Stab: Sleeping          |     3 |       ||     3
Armor: Leather armour    |    14 |       ||    14
       Plate armour      |    74 |    13 ||    87
Dodge: Dodged            |    45 |     3 ||    48
